 Dungeon Crawl Stone Soup version 0.28-b1-25-g9875b3fc8c (webtiles) character file.

Game seed: 4305715388278039538

110 Mordru1 the Ruffian (level 4, -4/35 HPs)
             Began as a Draconian Transmuter on Feb 1, 2022.
             Killed by nerve-wracking pain
             ... invoked by an orc priest
              (11 damage)
             ... on level 3 of the Dungeon.
             The game lasted 00:08:46 (2177 turns).

Mordru1 the Ruffian (Draconian Transmuter)          Turns: 2177, Time: 00:08:47

Health: -4/35      AC:  5    Str: 12    XL:     4   Next: 61%
Magic:  5/7        EV: 12    Int: 16    God:
Gold:   112        SH:  0    Dex: 11    Spells: 0/7 levels left

rFire   + . .      SeeInvis .     - Unarmed
rCold   . . .      Faith    .   (no shield)
rNeg    . . .      Spirit   .   (armour unavailable)
rPois   .          Reflect  .   (helmet currently unavailable)
rElec   .          Harm     .   (no cloak)
rCorr   .          Rampage  .   (no gloves)
Will    .....                   (boots currently unavailable)
Stlth   +.........              (no amulet)
HPRegen 0.11/turn               c - ring of flight
MPRegen 0.10/turn               f - ring of protection from fire

@: appendages (expiring), wereblooded, flying
A: horns 2, talons 2, AC +5, unfitting armour, cold-blooded
a: End Transformation


You were on level 3 of the Dungeon.
You had temporarily grown beastly horns and talons.
You visited 1 branch of the dungeon, and saw 3 of its levels.

You collected 112 gold pieces.

Inventory:

Armour
 g - the +2 cloak of the Thief {*Fog Slay-2 SInv Stlth+}
   (You found it on level 3 of the Dungeon)

   It may release a thick cloud of smoke when the wearer is hurt.
   Slay:      It affects your accuracy & damage with ranged weapons and melee
   (-2).
   SInv:      It lets you see invisible.
   Stlth:     It makes you more stealthy.
Jewellery
 c - a ring of flight (left hand)
 f - a ring of protection from fire (right hand)
Potions
 a - 2 potions of degeneration {unknown}
 b - a potion of ambrosia {unknown}
 d - a potion of lignification {unknown}
 e - a potion of mutation {unknown}
 h - a potion of heal wounds {unknown}


   Skills:
 - Level 1.1 Fighting
 - Level 1.7 Dodging
 + Level 4.3 Unarmed Combat
 - Level 2.0 Spellcasting
 + Level 3.7 Transmutations


You couldn't memorise any spells.
You knew the following spells:

 Your Spells              Type           Power      Damage    Failure   Level
a - Beastly Appendage     Tmut           26%        N/A       4%          1
b - Wereblood             Tmut           13%        N/A       7%          2
c - Ice Form              Ice/Tmut       7%         N/A       67%         4

Your spell library contained the following spells:

 Spells                   Type           Power      Damage    Failure   Level
 Animate Skeleton         Necr           2%         N/A       21%         1
 Apportation              Tloc           2%         N/A       21%         1
 Summon Small Mammal      Summ           4%         N/A       21%         1
 Spider Form              Tmut/Pois      7%         N/A       28%         3
 Confusing Touch          Hex            1%         N/A       52%         3
 Yara's Violent Unravell  Hex/Tmut       3%         3d4       95%         5
 Enfeeble                 Hex            0%         N/A       100%        7


Dungeon Overview and Level Annotations

Branches:
Dungeon (3/15)

Altars:
Kikubaaqudgha


Innate Abilities, Weirdness & Mutations

You have temporarily grown beastly horns and talons.
Your plain brown scales are hard. (AC +5)
You cannot fit into any form of body armour.
You are cold-blooded and may be slowed by cold attacks.


Message History

Your blood is infused with primal strength.
The ball python bites you but does no damage.
The ball python grabs you. The ball python constricts you.
You punch the ball python!
You kill the ball python!
You hit the rat.
You kill the rat!
The orc priest looks braver for a moment.
You hit the kobold. You claw the kobold.
You kill the kobold!
An orc comes into view. It is wielding a +0 hand axe.
You howl as the wereblood boils in your veins!
Your transformation is almost over.
The orc shouts!
An orc priest comes into view. It is wielding a +0 club.
Items here: ) †††.
The orc priest falls through a shaft!
The shaft crumbles and collapses.
The orc priest hits you with a +0 club.
You closely miss the orc priest. The orc priest hits you with a +0 club.
You hit the orc priest. You claw the orc priest. You headbutt the orc priest!
The orc priest is almost dead.
The orc priest invokes the aid of Beogh against you.
Beogh smites you!
You closely miss the orc priest. You claw the orc priest.
You feel a bit better.
You kill the orc priest!
The orc priest mumbles some strange prayers to Beogh against you.
Beogh smites you!
* * * LOW HITPOINT WARNING * * *
The orc barely misses you.
Things that are here:
a +0 club; a +0 leather armour; an orc corpse You hit the orc priest.
Your headbutt misses the orc priest.
The orc priest is moderately wounded.
You hit the orc priest. You claw the orc priest.
The orc priest is heavily wounded.
The orc barely misses you.
The orc priest calls down the wrath of Beogh upon you.
Pain shoots through your body!
You die...

.#.....###.## #.###
......## #..# #......
.#.#.## ##.## ##.......
##....### #..###........
###.....####...#........
#####........#.#........
.............#)#........
####....................
##...........@o......
#<.......#...o......
#......>.###........
#........ #........
######### #........
#........ ##.......
#......


You could see an orc priest and an orc.

Vanquished Creatures
  An orc priest (D:3)
  2 adders
  A worm (D:2)
  2 dart slugs (D:1)
  An orc (D:3)
  6 ball pythons
  3 endoplasms
  4 giant cockroaches
  7 goblins
  4 hobgoblins
  A quokka (D:2)
  5 bats
  3 frilled lizards (D:1)
  9 kobolds
  5 rats
54 creatures vanquished.

Notes
Turn   | Place    | Note
-------+----------+-------------------------------------------
     0 | D:1      | Mordru1 the Draconian Transmuter began the quest for the
                  | Orb.
     0 | D:1      | Reached XP level 1. HP: 16/16 MP: 3/3
   178 | D:1      | Reached XP level 2. HP: 22/23 MP: 3/5
   374 | D:1      | Learned a level 2 spell: Wereblood
   757 | D:1      | Reached XP level 3. HP: 28/28 MP: 4/6
  1397 | D:2      | Found an ancient bone altar of Kikubaaqudgha.
  1592 | D:2      | Reached skill level 4 in Unarmed Combat
  1779 | D:3      | Reached XP level 4. HP: 9/35 MP: 5/7
  2059 | D:3      | Found the +2 cloak of the Thief {*Fog Slay-2 SInv Stlth+}
  2120 | D:3      | Learned a level 4 spell: Ice Form
  2177 | D:3      | Killed from afar by an orc priest

Illustrated notes

Levels and vault maps discovered:
D:1:      minmay_arrival_stone_box, layout_basic, feat_on_display
D:2:      layout_rooms, basic_altar
D:3:      layout_rooms, shapermc_ecumenical_altar_ellora, st_stairs_4

Skill      XL: |  1  2  3 |
---------------+----------+-----
Transmutations | 3 |  3.7
Unarmed Combat | 4 |  4.3
Fighting       | |  1.1
Dodging        | |  1.7
Spellcasting   | |  2.0

Action                   |  1- 3 |  4- 6 || total
-------------------------+-------+-------++-------
Melee: Unarmed           |   121 |    15 ||   136
       Kick              |    17 |     7 ||    24
       Tailslap          |    15 |     1 ||    16
       Headbutt          |    11 |     1 ||    12
       Punch             |     3 |       ||     3
 Cast: Beastly Appendage |    27 |     2 ||    29
       Wereblood         |     3 |     1 ||     4
  Use: Scroll            |     2 |       ||     2
Armor: Skin              |    48 |     2 ||    50
Dodge: Dodged            |    79 |     6 ||    85
